Workbook

Sheet Compta
B2: Trésorerie LPOL section GV Fitness | E2: 2024-2025
B3: Màj : | C3: =NOW() -> 46091.327 | D3: =NOW() -> 46091.327
A4: N° pièce | B4: Date | C4: Compte POL | D4: Libellé | E4: Recettes | F4: Dépenses | G4: Solde | H4: Pointage Crédit Mutuel (OUI) | I4: Compte | J4: Livret | K4: Caisse | L4: Date relevé
B7: 45536 | D7: Solde début de saison | I7: -699.18 | J7: 19096.33 | K7: 27.62
A8: 0 | B8: 45536 | C8: 157500 | D8: Provision pour trésorerie | E8: 500 | G8: =+G7+E8-F8 -> 500 | I8: =E8-F8 -> 500
A9: 1 | B9: 45536 | C9: 756800 | D9: Régularisation Produits constatés d'avance - Cotisations 2024/2025 | E9: 4117.5 | G9: =+G8+E9-F9 -> 4617.5 | I9: =E9-F9 -> 4117.5
A10: 2 | B10: 45536 | C10: 606400 | D10: Régularisation Charges constatées d'avance - Cartes adhérents LPOL GV Fitness 2024/2025 | F10: 198.74 | G10: =+G9+E10-F10 -> 4418.76 | I10: =E10-F10 -> -198.74
A11: 3 | B11: 45537 | C11: 756800 | D11: Cotisations reçues par CB 24-25 | E11: 67.5 | G11: =+G10+E11-F11 -> 4486.26 | H11: Oui | I11: =E11-F11 -> 67.5 | L11: 45540
A12: 4 | B12: 45537 | C12: 756800 | D12: Cotisations reçues par CB 24-25 | E12: 135 | G12: =+G11+E12-F12 -> 4621.26 | H12: Oui | I12: =E12-F12 -> 135 | L12: 45540
A13: 5 | B13: 45537 | C13: 756800 | D13: Cotisations reçues par CB 24-25 | E13: 135 | G13: =+G12+E13-F13 -> 4756.26 | H13: Oui | I13: =E13-F13 -> 135 | L13: 45540
A14: 6 | B14: 45537 | C14: 628100 | D14: Virement - Affiliation à la Fédération 2024/2025 | F14: 80 | G14: =+G13+E14-F14 -> 4676.26 | H14: Oui | I14: =E14-F14 -> -80 | L14: 45540
A15: 7 | B15: 45538 | C15: 756800 | D15: Cotisations reçues par CB 24-25 | E15: 675 | G15: =+G14+E15-F15 -> 5351.26 | H15: Oui | I15: =E15-F15 -> 675 | L15: 45540
A16: 8 | B16: 45539 | C16: 756800 | D16: Cotisations reçues par CB 24-25 | E16: 135 | G16: =+G15+E16-F16 -> 5486.26 | H16: Oui | I16: =E16-F16 -> 135 | L16: 45540
A17: 9 | B17: 45540 | C17: 756800 | D17: Cotisations reçues par CB 24-25 | E17: 675 | G17: =+G16+E17-F17 -> 6161.26 | H17: Oui | I17: =E17-F17 -> 675 | L17: 45540
A18: 10 | B18: 45541 | C18: 756800 | D18: Cotisations reçues par CB 24-25 | E18: 202.5 | G18: =+G17+E18-F18 -> 6363.76 | H18: Oui | I18: =E18-F18 -> 202.5 | L18: 45572
A19: 11 | B19: 45544 | C19: 756800 | D19: Cotisations reçues par CB 24-25 | E19: 540 | G19: =+G18+E19-F19 -> 6903.76 | H19: Oui | I19: =E19-F19 -> 540 | L19: 45572
A20: 12 | B20: 45544 | C20: 756800 | D20: Cotisations reçues par CB 24-25 | E20: 607.5 | G20: =+G19+E20-F20 -> 7511.26 | H20: Oui | I20: =E20-F20 -> 607.5 | L20: 45572
A21: 13 | B21: 45544 | C21: 756800 | D21: Cotisations reçues par CB 24-25 | E21: 270 | G21: =+G20+E21-F21 -> 7781.26 | H21: Oui | I21: =E21-F21 -> 270 | L21: 45572
A22: 14 | B22: 45545 | C22: 756800 | D22: Cotisations reçues par CB 24-25 | E22: 135 | G22: =+G21+E22-F22 -> 7916.26 | H22: Oui | I22: =E22-F22 -> 135 | L22: 45572
A23: 15 | B23: 45546 | C23: 756800 | D23: Cotisations reçues par CB 24-25 | E23: 405 | G23: =+G22+E23-F23 -> 8321.26 | H23: Oui | I23: =E23-F23 -> 405 | L23: 45572
A24: 16 | B24: 45547 | C24: 756800 | D24: Cotisations reçues par CB 24-25 | E24: 135 | G24: =+G23+E24-F24 -> 8456.26 | H24: Oui | I24: =E24-F24 -> 135 | L24: 45572
A25: 17 | B25: 45548 | C25: 756800 | D25: Cotisations reçues par CB 24-25 | E25: 135 | G25: =+G24+E25-F25 -> 8591.26 | H25: Oui | I25: =E25-F25 -> 135 | L25: 45572
A26: 18 | B26: 45551 | C26: 756800 | D26: Cotisations reçues par CB 24-25 | E26: 270 | G26: =+G25+E26-F26 -> 8861.26 | H26: Oui | I26: =E26-F26 -> 270 | L26: 45572
... A29: 21 | B29: 45552 | C29: 756800 | D29: Cotisations reçues par CB 24-25 | E29: 472.5 | G29: =+G28+E29-F29 -> 10008.76 | H29: Oui | I29: =E29-F29 -> 472.5 | L29: 45572
A30: 22 | B30: 45552 | C30: - | D30: Virement banque vers livret (5 400 €) | G30: =+G29+E30-F30 -> 10008.76 | H30: Oui | I30: -5400 | J30: 5400 | L30: 45572
A31: 23 | B31: 45552 | C31: 605100 | D31: Virement - Remboursement achat enceinte pour cours du jeudi gymnase Courtand | F31: 439.99 | G31: =+G30+E31-F31 -> 9568.77 | H31: Oui | I31: =E31-F31 -> -439.99 | L31: 45572
A32: 24 | B32: 45553 | C32: 756800 | D32: Cotisations reçues par CB 24-25 | E32: 405 | G32: =+G31+E32-F32 -> 9973.77 | H32: Oui | I32: =E32-F32 -> 405 | L32: 45572
A33: 25 | B33: 45553 | C33: 652100 | D33: Virement - Licences FFEPGV 2024/2025 | F33: 88.5 | G33: =+G32+E33-F33 -> 9885.27 | H33: Oui | I33: =E33-F33 -> -88.5 | L33: 45572
A34: 26 | B34: 45554 | C34: 756800 | D34: Cotisations reçues par CB 24-25 | E34: 540 | G34: =+G33+E34-F34 -> 10425.27 | H34: Oui | I34: =E34-F34 -> 540 | L34: 45572
A35: 27 | B35: 45555 | C35: 756800 | D35: Cotisations reçues par CB 24-25 | E35: 202.5 | G35: =+G34+E35-F35 -> 10627.77 | H35: Oui | I35: =E35-F35 -> 202.5 | L35: 45572
A36: 28 | B36: 45556 | C36: 606800 | D36: Virement - Remboursement reproduction clés pour placard gymnase Courtand Balizy | F36: 12 | G36: =+G35+E36-F36 -> 10615.77 | H36: Oui | I36: =E36-F36 -> -12 | L36: 45572
A37: 29 | B37: 45558 | C37: 756800 | D37: Cotisations reçues par CB 24-25 | E37: 202.5 | G37: =+G36+E37-F37 -> 10818.27 | H37: Oui | I37: =E37-F37 -> 202.5 | L37: 45572
A38: 30 | B38: 45558 | C38: 756800 | D38: Cotisations reçues par CB 24-25 | E38: 67.5 | G38: =+G37+E38-F38 -> 10885.77 | H38: Oui | I38: =E38-F38 -> 67.5 | L38: 45572
A39: 31 | B39: 45558 | C39: 756800 | D39: Cotisations reçues par CB 24-25 | E39: 135 | G39: =+G38+E39-F39 -> 11020.77 | H39: Oui | I39: =E39-F39 -> 135 | L39: 45572
A40: 32 | B40: 45559 | C40: 756800 | D40: Cotisations reçues par CB 24-25 | E40: 270 | G40: =+G39+E40-F40 -> 11290.77 | H40: Oui | I40: =E40-F40 -> 270 | L40: 45572
A41: 33 | B41: 45559 | C41: 756800 | D41: Cotisations 24-25 payées en espèces déposées en banque | E41: 1235 | G41: =+G40+E41-F41 -> 12525.77 | H41: Oui | I41: =E41-F41 -> 1235 | L41: 45572
A42: 34 | B42: 45559 | C42: - | D42: Dépôt espèces caisse en banque (5 €) | G42: =+G41+E42-F42 -> 12525.77 | H42: Oui | I42: 5 | K42: -5 | L42: 45572
A43: 35 | B43: 45560 | C43: 756800 | D43: Cotisations reçues par CB 24-25 | E43: 67.5 | G43: =+G42+E43-F43 -> 12593.27 | H43: Oui | I43: =E43-F43 -> 67.5 | L43: 45572
A44: 36 | B44: 45561 | C44: 756800 | D44: Cotisations reçues par CB 24-25 | E44: 270 | G44: =+G43+E44-F44 -> 12863.27 | H44: Oui | I44: =E44-F44 -> 270 | L44: 45572
A45: 37 | B45: 45562 | C45: 756800 | D45: Cotisations reçues par CB 24-25 | E45: 337.5 | G45: =+G44+E45-F45 -> 13200.77 | H45: Oui | I45: =E45-F45 -> 337.5 | L45: 45572
A46: 38 | B46: 45565 | C46: 756800 | D46: Cotisations reçues par CB 24-25 | E46: 67.5 | G46: =+G45+E46-F46 -> 13268.27 | H46: Oui | I46: =E46-F46 -> 67.5 | L46: 45572
A47: 39 | B47: 45565 | C47: 756800 | D47: Cotisations reçues par CB 24-25 | E47: 202.5 | G47: =+G46+E47-F47 -> 13470.77 | H47: Oui | I47: =E47-F47 -> 202.5 | L47: 45572
A48: 40 | B48: 45565 | C48: 756800 | D48: Cotisations reçues par CB 24-25 | E48: 405 | G48: =+G47+E48-F48 -> 13875.77 | H48: Oui | I48: =E48-F48 -> 405 | L48: 45572
A49: 41 | B49: 45565 | C49: 626200 | D49: Frais Téléphone Sosh | F49: 5.99 | G49: =+G48+E49-F49 -> 13869.78 | H49: Oui | I49: =E49-F49 -> -5.99 | L49: 45572
A50: 42 | B50: 45565 | C50: 641200 | D50: Virement salaires Septembre 2024 KOBLAN-HUBERSON | F50: 426.42 | G50: =+G49+E50-F50 -> 13443.36 | H50: Oui | I50: =E50-F50 -> -426.42 | L50: 45572
A51: 43 | B51: 45565 | C51: 641200 | D51: Virement salaires Septembre 2024 LE DUC | F51: 399.32 | G51: =+G50+E51-F51 -> 13044.04 | H51: Oui | I51: =E51-F51 -> -399.32 | L51: 45572
A52: 44 | B52: 45565 | C52: 641200 | D52: Virement salaires Septembre 2024 MANSBENDEL | F52: 174.19 | G52: =+G51+E52-F52 -> 12869.85 | H52: Oui | I52: =E52-F52 -> -174.19 | L52: 45572
A53: 45 | B53: 45565 | C53: 641200 | D53: Virement salaires Septembre 2024 NGUYEN TUONG | F53: 504.06 | G53: =+G52+E53-F53 -> 12365.79 | H53: Oui | I53: =E53-F53 -> -504.06 | L53: 45572
A54: 46 | B54: 45565 | C54: 641200 | D54: Virement salaires Septembre 2024 PIQUET | F54: 272.67 | G54: =+G53+E54-F54 -> 12093.12 | H54: Oui | I54: =E54-F54 -> -272.67 | L54: 45572
A55: 47 | B55: 45565 | C55: 645800 | D55: Charges sociales Septembre 2024 | F55: 661.03 | G55: =+G54+E55-F55 -> 11432.09 | H55: Oui | I55: =E55-F55 -> -661.03 | L55: 45572
A56: 48 | B56: 45565 | C56: 645700 | D56: Prélèvement à la source Septembre 2024 | F56: 67.6 | G56: =+G55+E56-F56 -> 11364.49 | H56: Oui | I56: =E56-F56 -> -67.6 | L56: 45572
A57: 49 | B57: 45565 | C57: 622610 | D57: Frais du cabinet comptable par salarié Septembre 2024 | F57: 105 | G57: =+G56+E57-F57 -> 11259.49 | H57: Oui | I57: =E57-F57 -> -105 | L57: 45572
A58: 50 | B58: 45566 | C58: 756800 | D58: Cotisations reçues par CB 24-25 | E58: 270 | G58: =+G57+E58-F58 -> 11529.49 | H58: Oui | I58: =E58-F58 -> 270 | L58: 45572
A59: 51 | B59: 45566 | C59: 756800 | D59: Cotisations 24-25 payées par chèques | E59: 3671 | G59: =+G58+E59-F59 -> 15200.49 | H59: Oui | I59: =E59-F59 -> 3671 | L59: 45572
A60: 52 | B60: 45566 | C60: 756800 | D60: Cotisations 24-25 payées par chèques | E60: 1957.5 | G60: =+G59+E60-F60 -> 17157.99 | H60: Oui | I60: =E60-F60 -> 1957.5 | L60: 45572
A61: 53 | B61: 45566 | C61: 756800 | D61: Cotisations 24-25 payées par chèques | E61: 3944.5 | G61: =+G60+E61-F61 -> 21102.49 | H61: Oui | I61: =E61-F61 -> 3944.5 | L61: 45572
A62: 54 | B62: 45566 | C62: 756800 | D62: Cotisations 24-25 payées par chèques | E62: 3714.5 | G62: =+G61+E62-F62 -> 24816.99 | H62: Oui | I62: =E62-F62 -> 3714.5 | L62: 45572
A63: 55 | B63: 45566 | C63: 756800 | D63: Cotisations 24-25 payées en espèces (complément chèques ANCV) | E63: 18 | G63: =+G62+E63-F63 -> 24834.99 | I63: 0 | K63: 18
A64: 56 | B64: 45567 | C64: 756800 | D64: Cotisations reçues par CB 24-25 | E64: 135 | G64: =+G63+E64-F64 -> 24969.99 | H64: Oui | I64: =E64-F64 -> 135 | L64: 45572
A65: 57 | B65: 45568 | C65: 756800 | D65: Cotisations reçues par CB 24-25 | E65: 607.5 | G65: =+G64+E65-F65 -> 25577.49 | H65: Oui | I65: =E65-F65 -> 607.5 | L65: 45572
A66: 58 | B66: 45568 | C66: 622640 | D66: Virement - Remplacement HIIT 11/18/25 sept 24 (3h) + Cours Pilates 11/18/25 sept 24 (3h) | F66: 240 | G66: =+G65+E66-F66 -> 25337.49 | H66: Oui | I66: =E66-F66 -> -240 | L66: 45572
A67: 59 | B67: 45569 | C67: 756800 | D67: Cotisations reçues par CB 24-25 | E67: 135 | G67: =+G66+E67-F67 -> 25472.49 | H67: Oui | I67: =E67-F67 -> 135 | L67: 45572
A68: 60 | B68: 45569 | C68: 622640 | D68: Virement - Remplacement cours samedi 28/09/2024 (1h30) | F68: 52.5 | G68: =+G67+E68-F68 -> 25419.99 | H68: Oui | I68: =E68-F68 -> -52.5 | L68: 45572 | N68: Compte courant 07/10 | O68: 4746.81 | P68: Compte livret 07/10 | Q68: 30496.33
A69: 61 | B69: 45570 | C69: 652100 | D69: Virement - Licences FFEPGV 2024/2025 | F69: 8561 | G69: =+G68+E69-F69 -> 16858.99 | H69: Oui | I69: =E69-F69 -> -8561 | L69: 45572 | N69: Solde au 07/10 | O69: =SUM(I7:I70) -> 4746.81 | P69: Solde au 07/10 | Q69: =SUM(J7:J70) -> 30496.33
A70: 62 | B70: 45570 | C70: - | D70: Virement banque vers livret (6 000 €) | G70: =+G69+E70-F70 -> 16858.99 | H70: Oui | I70: -6000 | J70: 6000 | L70: 45572 | N70: Différence | O70: =O68-O69 -> 0 | P70: Différence | Q70: =Q68-Q69 -> 0
A71: 63 | B71: 45572 | C71: 756800 | D71: Cotisations reçues par CB 24-25 | E71: 675 | G71: =+G70+E71-F71 -> 17533.99 | H71: Oui | I71: =E71-F71 -> 675 | L71: 45601
A72: 64 | B72: 45572 | C72: 756800 | D72: Cotisations reçues par CB 24-25 | E72: 202.5 | G72: =+G71+E72-F72 -> 17736.49 | H72: Oui | I72: =E72-F72 -> 202.5 | L72: 45601
A73: 65 | B73: 45572 | C73: 756800 | D73: Cotisations reçues par CB 24-25 | E73: 202.5 | G73: =+G72+E73-F73 -> 17938.99 | H73: Oui | I73: =E73-F73 -> 202.5 | L73: 45601
A74: 66 | B74: 45573 | C74: 756800 | D74: Cotisations reçues par CB 24-25 | E74: 607.5 | G74: =+G73+E74-F74 -> 18546.49 | H74: Oui | I74: =E74-F74 -> 607.5 | L74: 45601
A75: 67 | B75: 45574 | C75: 756800 | D75: Cotisations reçues par CB 24-25 | E75: 405 | G75: =+G74+E75-F75 -> 18951.49 | H75: Oui | I75: =E75-F75 -> 405 | L75: 45601
A76: 68 | B76: 45575 | C76: 756800 | D76: Cotisations reçues par CB 24-25 | E76: 135 | G76: =+G75+E76-F76 -> 19086.49 | H76: Oui | I76: =E76-F76 -> 135 | L76: 45601
A77: 69 | B77: 45576 | C77: 756800 | D77: Cotisations reçues par CB 24-25 | E77: 472.5 | G77: =+G76+E77-F77 -> 19558.99 | H77: Oui | I77: =E77-F77 -> 472.5 | L77: 45601
A78: 70 | B78: 45579 | C78: 756800 | D78: Cotisations reçues par CB 24-25 | E78: 135 | G78: =+G77+E78-F78 -> 19693.99 | H78: Oui | I78: =E78-F78 -> 135 | L78: 45601
A79: 71 | B79: 45579 | C79: 756800 | D79: Cotisations reçues par CB 24-25 | E79: 337.5 | G79: =+G78+E79-F79 -> 20031.49 | H79: Oui | I79: =E79-F79 -> 337.5 | L79: 45601
A80: 72 | B80: 45579 | C80: 756800 | D80: Cotisations reçues par CB 24-25 | E80: 135 | G80: =+G79+E80-F80 -> 20166.49 | H80: Oui | I80: =E80-F80 -> 135 | L80: 45601
A81: 73 | B81: 45580 | C81: 756800 | D81: Cotisations reçues par CB 24-25 | E81: 135 | G81: =+G80+E81-F81 -> 20301.49 | H81: Oui | I81: =E81-F81 -> 135 | L81: 45601
A82: 74 | B82: 45581 | C82: 756800 | D82: Cotisations reçues par CB 24-25 | E82: 202.5 | G82: =+G81+E82-F82 -> 20503.99 | H82: Oui | I82: =E82-F82 -> 202.5 | L82: 45601
... A84: 76 | B84: 45583 | C84: 756800 | D84: Cotisations reçues par CB 24-25 | E84: 405 | G84: =+G83+E84-F84 -> 21246.49 | H84: Oui | I84: =E84-F84 -> 405 | L84: 45601
A85: 77 | B85: 45583 | C85: 607200 | D85: Virement - Rembours achat boissons et alimentation - AG GV Fitness du 17/10/24 | F85: 8.13 | G85: =+G84+E85-F85 -> 21238.36 | H85: Oui | I85: =E85-F85 -> -8.13 | L85: 45601
A86: 78 | B86: 45583 | C86: - | D86: Virement banque vers livret (5 400 €) | G86: =+G85+E86-F86 -> 21238.36 | H86: Oui | I86: -5400 | J86: 5400 | L86: 45601
A87: 79 | B87: 45586 | C87: 756800 | D87: Cotisations reçues par CB 24-25 | E87: 472.5 | G87: =+G86+E87-F87 -> 21710.86 | H87: Oui | I87: =E87-F87 -> 472.5 | L87: 45601
A88: 80 | B88: 45586 | C88: 756800 | D88: Cotisations reçues par CB 24-25 | E88: 67.5 | G88: =+G87+E88-F88 -> 21778.36 | H88: Oui | I88: =E88-F88 -> 67.5 | L88: 45601
A89: 81 | B89: 45586 | C89: 756800 | D89: Cotisations reçues par CB 24-25 | E89: 202.5 | G89: =+G88+E89-F89 -> 21980.86 | H89: Oui | I89: =E89-F89 -> 202.5 | L89: 45601
A90: 82 | B90: 45587 | C90: 756800 | D90: Cotisations reçues par CB 24-25 | E90: 67.5 | G90: =+G89+E90-F90 -> 22048.36 | H90: Oui | I90: =E90-F90 -> 67.5 | L90: 45601
A91: 83 | B91: 45588 | C91: 756800 | D91: Cotisations reçues par CB 24-25 | E91: 67.5 | G91: =+G90+E91-F91 -> 22115.86 | H91: Oui | I91: =E91-F91 -> 67.5 | L91: 45601
A92: 84 | B92: 45589 | C92: 756800 | D92: Cotisations reçues par CB 24-25 | E92: 202.5 | G92: =+G91+E92-F92 -> 22318.36 | H92: Oui | I92: =E92-F92 -> 202.5 | L92: 45601
A93: 85 | B93: 45592 | C93: 605100 | D93: Virement Gévédit - Achats 20 barres lestées de 2kg | F93: 342.95 | G93: =+G92+E93-F93 -> 21975.41 | H93: Oui | I93: =E93-F93 -> -342.95 | L93: 45601
A94: 86 | B94: 45593 | C94: 756800 | D94: Cotisations reçues par CB 24-25 | E94: 67.5 | G94: =+G93+E94-F94 -> 22042.91 | H94: Oui | I94: =E94-F94 -> 67.5 | L94: 45601
A95: 87 | B95: 45593 | C95: 756800 | D95: Cotisations reçues par CB 24-25 | E95: 67.5 | G95: =+G94+E95-F95 -> 22110.41 | H95: Oui | I95: =E95-F95 -> 67.5 | L95: 45601
A96: 88 | B96: 45593 | C96: 756800 | D96: Cotisations reçues par CB 24-25 | E96: 67.5 | G96: =+G95+E96-F96 -> 22177.91 | H96: Oui | I96: =E96-F96 -> 67.5 | L96: 45601
A97: 89 | B97: 45593 | C97: 626200 | D97: Frais Téléphone Sosh | F97: 5.99 | G97: =+G96+E97-F97 -> 22171.92 | H97: Oui | I97: =E97-F97 -> -5.99 | L97: 45601
A98: 90 | B98: 45593 | C98: 605100 | D98: Virement - Remboursement achat téléphone Galaxy A53 5G 128Go | F98: 193.49 | G98: =+G97+E98-F98 -> 21978.43 | H98: Oui | I98: =E98-F98 -> -193.49 | L98: 45601
A99: 91 | B99: 45594 | C99: 756800 | D99: Cotisations reçues par CB 24-25 | E99: 67.5 | G99: =+G98+E99-F99 -> 22045.93 | H99: Oui | I99: =E99-F99 -> 67.5 | L99: 45601
A100: 92 | B100: 45595 | C100: 756800 | D100: Cotisations reçues par CB 24-25 | E100: 202.5 | G100: =+G99+E100-F100 -> 22248.43 | H100: Oui | I100: =E100-F100 -> 202.5 | L100: 45601
A101: 93 | B101: 45596 | C101: 756800 | D101: Cotisations reçues par CB 24-25 | E101: 135 | G101: =+G100+E101-F101 -> 22383.43 | H101: Oui | I101: =E101-F101 -> 135 | L101: 45601
A102: 94 | B102: 45596 | C102: 641200 | D102: Virement salaires Octobre 2024 KOBLAN-HUBERSON | F102: 527.86 | G102: =+G101+E102-F102 -> 21855.57 | H102: Oui | I102: =E102-F102 -> -527.86 | L102: 45601
A103: 95 | B103: 45596 | C103: 641200 | D103: Virement salaires Octobre 2024 LE DUC | F103: 347.95 | G103: =+G102+E103-F103 -> 21507.62 | H103: Oui | I103: =E103-F103 -> -347.95 | L103: 45601
A104: 96 | B104: 45596 | C104: 641200 | D104: Virement salaires Octobre 2024 MANSBENDEL | F104: 174.58 | G104: =+G103+E104-F104 -> 21333.04 | H104: Oui | I104: =E104-F104 -> -174.58 | L104: 45601
A105: 97 | B105: 45596 | C105: 641200 | D105: Virement salaires Octobre 2024 NGUYEN TUONG | F105: 504.06 | G105: =+G104+E105-F105 -> 20828.98 | H105: Oui | I105: =E105-F105 -> -504.06 | L105: 45601
A106: 98 | B106: 45596 | C106: 641200 | D106: Virement salaires Octobre 2024 PIQUET | F106: 422.06 | G106: =+G105+E106-F106 -> 20406.92 | H106: Oui | I106: =E106-F106 -> -422.06 | L106: 45601
...

Sheet Bilan
A1: Bilan de la saison LPOL section : | F1: GV Fitness | I1: =Compta!E2 -> 2024-2025
A3: Recettes | G3: Dépenses
A5: (110000) Report à nouveau bénéficiaire | E5: 18424.77 | G5: (119000) Report à nouveau déficitaire
A7: Subvention du Conseil d'Administration | E7: =SUM(Compta!G572:G574) -> 5000 | G7: Fédération | K7: =SUM(Compta!G643:G644,Compta!G646:G652) -> 9349
A8: Subvention municipale | E8: =Compta!G566 -> 0
A9: Subvention départementale | E9: =Compta!G567 -> 0 | G9: Personnel et charges | K9: =SUM(Compta!G656:G659,Compta!G661:G663,Compta!G665:G674,Compta!G676:G677,Compta!G679:G682) -> 28959.18
A10: Subvention régionale | E10: =Compta!G568 -> 0
A11: Subvention d'Etat | E11: =Compta!G569 -> 0 | G11: Remboursement d'emprunt | K11: =SUM(Compta!G751:G752) -> 0
A12: Subvention des fédérations | E12: =Compta!G570 -> 0
A13: Autres subventions | E13: =Compta!G571 -> 0 | G13: Location immobilière | K13: =Compta!G705 -> 0
A15: Emprunt débloqué | E15: =Compta!G626 -> 0 | G15: Achat et entretien de matériels, équipements….. | K15: =SUM(Compta!G684:G688,Compta!G691,Compta!G698:G700,Compta!G706,Compta!G709:G711) -> 1931.31
A17: Cotisations | E17: =SUM(Compta!G576:G580) -> 39453.75 | G17: Frais administratifs | K17: =SUM(Compta!G654,Compta!G690,Compta!G692:G694,Compta!G718:G719,Compta!G721:G727,Compta!G744:G745,Compta!G747,Compta!G748:G749) -> 5285.62
A19: Dons | E19: =SUM(Compta!G582:G584) -> 55 | G19: Déplacements | K19: =SUM(Compta!G707,Compta!G734:G742) -> 0
A21: Stages | E21: =Compta!G586 -> 0 | G21: Manifestations | K21: =SUM(Compta!G696:G697,Compta!G730) -> 41.12
A23: Manifestations | E23: =SUM(Compta!G588:G589,Compta!G602:G603) -> 0 | G23: Assurances | K23: =SUM(Compta!G713:G716) -> 0
A25: Ventes de matériels, équipements ….. | E25: =SUM(Compta!G592:G595,Compta!G597:G600) -> 0 | G25: Formation | K25: =SUM(Compta!G720) -> 0
A27: Sponsoring | E27: =Compta!G590 -> 0 | G27: Publications | K27: =SUM(Compta!G729,Compta!G731:G732) -> 0
A29: Déplacements | E29: =SUM(Compta!G605:G609) -> 0 | G29: Frais financiers | K29: =SUM(Compta!G758:G759) -> 0
A31: Produits financiers | E31: =SUM(Compta!G620:G624) -> 1609.92 | G31: Dotations aux provisions | K31: =SUM(Compta!G761:G765) -> 0
A33: Provisions | E33: =SUM(Compta!G628:G634) -> 500
A35: Remboursement de charges par les sections | E35: =SUM(Compta!G616:G618) -> 0
B37: Total des recettes | E37: =SUM(E5:E36) -> 65043.44 | H37: Total des dépenses | K37: =SUM(K5:K36) -> 45566.23
B40: BILAN
B42: Recettes | D42: =E37 -> 65043.44
B44: Dépenses | D44: =K37 -> 45566.23
A46: 120000 | B46: Résultat bénéficiaire | D46: =IF(D42-D44>0,D42-D44,0) -> 19477.21
A47: 129000 | B47: Résultat déficitaire | D47: =IF(D42-D44<0,D42-D44,0) -> 0
A50: SITUATION de la TRESORERIE
A52: 120000 | B52: Résultat bénéficiaire | G52: =D46 -> 19477.21
A53: 129000 | B53: Résultat déficitaire | G53: =D47 -> 0
B55: Sommes dues par le C.A.
A56: 681510 | B56: Dotations aux provisions pour achat de matériel
A57: 681530 | B57: Dotations aux provisions pour organisation de manifestation
A58: 681540 | B58: Dotations aux provisions pour charges de personnel
A60: 740900 | B60: Subvention du C.A. à verser
A62: 740920 | B62: Avance sur subvention du C.A. de l'année suivante | G62: =Compta!G574 -> 0
B64: Somme disponible pour la saison prochaine | G64: =SUM(G52+G53+G56+G57+G58+G60-G62) -> 19477.21
C66: Emprunt : capital restant à embourser | G66: =Compta!E776 -> 0

Sheet Code Ligne compte
A1: CODE COMPTES POL TRAMPOLINE GENERAL
A3: 605100 | B3: Achats de matériel | C3: =CONCATENATE(A3," ",B3) -> 605100 Achats de matériel
A4: 605200 | B4: Achats d'équipements sportifs | C4: =CONCATENATE(A4," ",B4) -> 605200 Achats d'équipements sportifs
A5: 605210 | B5: Achats d'équipements pour entraineurs | C5: =CONCATENATE(A5," ",B5) -> 605210 Achats d'équipements pour entraineurs
A6: 605220 | B6: Achats d'équipements pour sportifs | C6: =CONCATENATE(A6," ",B6) -> 605220 Achats d'équipements pour sportifs
A7: 605400 | B7: Achats de coupes, trophées, médailles | C7: =CONCATENATE(A7," ",B7) -> 605400 Achats de coupes, trophées, médailles
A8: 606200 | B8: Fournitures non stockables | C8: =CONCATENATE(A8," ",B8) -> 606200 Fournitures non stockables
A9: 606300 | B9: Fournitures d'entretien et petit matériel | C9: =CONCATENATE(A9," ",B9) -> 606300 Fournitures d'entretien et petit matériel
A10: 606400 | B10: Fournitures administratives | C10: =CONCATENATE(A10," ",B10) -> 606400 Fournitures administratives
A11: 606500 | B11: Fourniture médicales | C11: =CONCATENATE(A11," ",B11) -> 606500 Fourniture médicales
A12: 606800 | B12: Fournitures diverses | C12: =CONCATENATE(A12," ",B12) -> 606800 Fournitures diverses
A13: 607100 | B13: Achats aliments | C13: =CONCATENATE(A13," ",B13) -> 607100 Achats aliments
A14: 607200 | B14: Achats boissons | C14: =CONCATENATE(A14," ",B14) -> 607200 Achats boissons
... A116: 768000 | B116: Autres produits financiers | C116: =CONCATENATE(A116," ",B116) -> 768000 Autres produits financiers
C117: =CONCATENATE(A117," ",B117)

Sheet Compta (2)
C2: Trésorerie saison : | D2: 2019-2020
A4: Date | B4: Compte POL | C4: Libellé | D4: Recettes | E4: Dépenses | F4: Solde | G4: Pointage Crédit Mutuel (OUI)
E5: Solde N-1 | F5: =Compta!G5 -> 0
A7: =Compta!B7 -> 45536 | B7: =Compta!C7 -> 0 | C7: =Compta!D7 -> Solde début de saison | D7: =Compta!E7 -> 0 | E7: =Compta!F7 -> 0 | F7: =+F5+D7-E7 -> 0 | G7: =Compta!H7 -> 0
A8: =Compta!B9 -> 45536 | B8: =Compta!C9 -> 756800 | C8: =Compta!D9 -> Régularisation Produits constatés d'avance - Cotisations 2024/2025 | D8: =Compta!E9 -> 4117.5 | E8: =Compta!F9 -> 0 | F8: =+F6+D8-E8 -> 4117.5 | G8: =Compta!H9 -> 0
A9: =Compta!B10 -> 45536 | B9: =Compta!C10 -> 606400 | C9: =Compta!D10 -> Régularisation Charges constatées d'avance - Cartes adhérents LPOL GV Fitness 2024/2025 | D9: =Compta!E10 -> 0 | E9: =Compta!F10 -> 198.74 | F9: =+F7+D9-E9 -> -198.74 | G9: =Compta!H10 -> 0
A10: =Compta!B11 -> 45537 | B10: =Compta!C11 -> 756800 | C10: =Compta!D11 -> Cotisations reçues par CB 24-25 | D10: =Compta!E11 -> 67.5 | E10: =Compta!F11 -> 0 | F10: =+F8+D10-E10 -> 4185 | G10: =Compta!H11 -> Oui
A11: =Compta!B12 -> 45537 | B11: =Compta!C12 -> 756800 | C11: =Compta!D12 -> Cotisations reçues par CB 24-25 | D11: =Compta!E12 -> 135 | E11: =Compta!F12 -> 0 | F11: =+F9+D11-E11 -> -63.74 | G11: =Compta!H12 -> Oui
A12: =Compta!B13 -> 45537 | B12: =Compta!C13 -> 756800 | C12: =Compta!D13 -> Cotisations reçues par CB 24-25 | D12: =Compta!E13 -> 135 | E12: =Compta!F13 -> 0 | F12: =+F10+D12-E12 -> 4320 | G12: =Compta!H13 -> Oui
A13: =Compta!B14 -> 45537 | B13: =Compta!C14 -> 628100 | C13: =Compta!D14 -> Virement - Affiliation à la Fédération 2024/2025 | D13: =Compta!E14 -> 0 | E13: =Compta!F14 -> 80 | F13: =+F11+D13-E13 -> -143.74 | G13: =Compta!H14 -> Oui
A14: =Compta!B15 -> 45538 | B14: =Compta!C15 -> 756800 | C14: =Compta!D15 -> Cotisations reçues par CB 24-25 | D14: =Compta!E15 -> 675 | E14: =Compta!F15 -> 0 | F14: =+F12+D14-E14 -> 4995 | G14: =Compta!H15 -> Oui
A15: =Compta!B16 -> 45539 | B15: =Compta!C16 -> 756800 | C15: =Compta!D16 -> Cotisations reçues par CB 24-25 | D15: =Compta!E16 -> 135 | E15: =Compta!F16 -> 0 | F15: =+F13+D15-E15 -> -8.74 | G15: =Compta!H16 -> Oui
A16: =Compta!B17 -> 45540 | B16: =Compta!C17 -> 756800 | C16: =Compta!D17 -> Cotisations reçues par CB 24-25 | D16: =Compta!E17 -> 675 | E16: =Compta!F17 -> 0 | F16: =+F14+D16-E16 -> 5670 | G16: =Compta!H17 -> Oui
A17: =Compta!B18 -> 45541 | B17: =Compta!C18 -> 756800 | C17: =Compta!D18 -> Cotisations reçues par CB 24-25 | D17: =Compta!E18 -> 202.5 | E17: =Compta!F18 -> 0 | F17: =+F15+D17-E17 -> 193.76 | G17: =Compta!H18 -> Oui
A18: =Compta!B19 -> 45544 | B18: =Compta!C19 -> 756800 | C18: =Compta!D19 -> Cotisations reçues par CB 24-25 | D18: =Compta!E19 -> 540 | E18: =Compta!F19 -> 0 | F18: =+F16+D18-E18 -> 6210 | G18: =Compta!H19 -> Oui
A19: =Compta!B20 -> 45544 | B19: =Compta!C20 -> 756800 | C19: =Compta!D20 -> Cotisations reçues par CB 24-25 | D19: =Compta!E20 -> 607.5 | E19: =Compta!F20 -> 0 | F19: =+F17+D19-E19 -> 801.26 | G19: =Compta!H20 -> Oui
... A549: =Compta!B550 -> 0 | B549: =Compta!C550 -> 0 | C549: =Compta!D550 -> 0 | D549: =Compta!E550 -> 0 | E549: =Compta!F550 -> 0 | F549: =+F547+D549-E549 -> -115.33 | G549: =Compta!H550 -> 0
A552: Total recettes | C552: =SUM(D6:D549) -> 46118.67 | D552: Solde | E552: Solde
A553: Total dépenses | C553: =SUM(E6:E549) -> 45566.23 | D553: année N-1 | E553: jour J
A554: Solde année N-1 | C554: =Compta!E554 -> 18424.77
A555: Solde | C555: =C552-C553+C554 -> 18977.21 | E555: =C555+D555 -> 18977.21
C557: Emprunt : capital débloqué | F557: =SUMIF($B$6:$B$551,"=164000",$D$6:$D$551) -> 0
C558: Emprunt : capital remboursé | F558: =SUMIF($B$6:$B$551,"=164000",$E$6:$E$551) -> 0
C559: Emprunt : capital restant à rembourser | F559: =F557-F558 -> 0
A562: COMPTE D'EXPLOITATION SAISON : Sept_2023 à fin août_2024
A565: Recettes | G565: R
G566: Y
B567: 740100 | C567: Subvention municipale | F567: =SUMIF($B$6:$B$551,"=740100",$D$6:$D$551) -> 0 | G567: =F567/F637 -> 0
B568: 740200 | C568: Subvention départementale | F568: =SUMIF($B$6:$B$551,"=740200",$D$6:$D$551) -> 0 | G568: =F568/F637 -> 0
B569: 740300 | C569: Subvention régionale | F569: =SUMIF($B$6:$B$551,"=740300",$D$6:$D$551) -> 0 | G569: =F569/F637 -> 0
B570: 740400 | C570: Subvention d'Etat | F570: =SUMIF($B$6:$B$551,"=740400",$D$6:$D$551) -> 0 | G570: =F570/F637 -> 0
B571: 740500 | C571: Subvention des fédérations | F571: =SUMIF($B$6:$B$551,"=740500",$D$6:$D$551) -> 0 | G571: =F571/F637 -> 0
B572: 740600 | C572: Autres subventions | F572: =SUMIF($B$6:$B$551,"=740600",$D$6:$D$551) -> 0 | G572: =F572/F637 -> 0
B573: 740900 | C573: Subvention du Conseil d'Administration | F573: =SUMIF($B$6:$B$551,"=740900",$D$6:$D$551) -> 5000 | G573: =F573/F637 -> 0.10841596
B574: 740910 | C574: Subvention du C.A. de l'année précédente | F574: =SUMIF($B$6:$B$551,"=740910",$D$6:$D$551) -> 0 | G574: =F574/F637 -> 0
B575: 740920 | C575: Avance sur subvention du C.A. de l'année suivante | F575: =SUMIF($B$6:$B$551,"=740920",$D$6:$D$551) -> 0 | G575: =F575/F637 -> 0
G576: X
B577: 756100 | C577: Cotisations des membres actifs | F577: =SUMIF($B$6:$B$551,"=756100",$D$6:$D$551) -> 0 | G577: =F577/F637 -> 0
B578: 756300 | C578: Cotisations des membres honoraires | F578: =SUMIF($B$6:$B$551,"=756300",$D$6:$D$551) -> 0 | G578: =F578/F637 -> 0
B579: 756400 | C579: Cotisations des membres bienfaiteurs | F579: =SUMIF($B$6:$B$551,"=756400",$D$6:$D$551) -> 0 | G579: =F579/F637 -> 0
B580: 756800 | C580: Droits d'entrée des membres | F580: =SUMIF($B$6:$B$551,"=756800",$D$6:$D$551) -> 39453.75 | G580: =F580/F637 -> 0.85548326
B581: 756900 | C581: Compensation de mutation | F581: =SUMIF($B$6:$B$551,"=756900",$D$6:$D$551) -> 0 | G581: =F581/F637 -> 0
G582: X
B583: 758100 | C583: Dons et collectes auprès des particuliers | F583: =SUMIF($B$6:$B$551,"=758100",$D$6:$D$551) -> 0 | G583: =F583/F637 -> 0
B584: 758200 | C584: Dons et collectes auprès des entreprises | F584: =SUMIF($B$6:$B$551,"=758200",$D$6:$D$551) -> 55 | G584: =F584/F637 -> 0.0011925756
B585: 758300 | C585: Dons des bénévoles de l'association | F585: =SUMIF($B$6:$B$551,"=758300",$D$6:$D$551) -> 0 | G585: =F585/F637 -> 0
G586: X
B587: 706115 | C587: Stages | F587: =SUMIF($B$6:$B$551,"=706115",$D$6:$D$551) -> 0 | G587: =F587/F637 -> 0
G588: X
B589: 706251 | C589: Exploitation buvette | F589: =SUMIF($B$6:$B$551,"=706251",$D$6:$D$551) -> 0 | G589: =F589/F637 -> 0
B590: 706252 | C590: Exploitation restaurant | F590: =SUMIF($B$6:$B$551,"=706252",$D$6:$D$551) -> 0 | G590: =F590/F637 -> 0
B591: 706254 | C591: Prestations publicitaires | F591: =SUMIF($B$6:$B$551,"=706254",$D$6:$D$551) -> 0 | G591: =F591/F637 -> 0
G592: X
B593: 707110 | C593: Ventes aux adhérents de matériel sportif | F593: =SUMIF($B$6:$B$551,"=707110",$D$6:$D$551) -> 0 | G593: =F593/F637 -> 0
B594: 707120 | C594: Ventes aux adhérents d'équipements sportifs | F594: =SUMIF($B$6:$B$551,"=707120",$D$6:$D$551) -> 0 | G594: =F594/F637 -> 0
B595: 707150 | C595: Ventes aux adhérents d'insignes, fanions, écussons….. | F595: =SUMIF($B$6:$B$551,"=707150",$D$6:$D$551) -> 0 | G595: =F595/F637 -> 0
B596: 707160 | C596: Ventes aux adhérents de livres, brochures….. | F596: =SUMIF($B$6:$B$551,"=707160",$D$6:$D$551) -> 0 | G596: =F596/F637 -> 0
G597: X
B598: 707210 | C598: Ventes à des tiers de matériel sportif | F598: =SUMIF($B$6:$B$551,"=707210",$D$6:$D$551) -> 0 | G598: =F598/F637 -> 0
B599: 707220 | C599: Ventes à des tiers d'équipements sportifs | F599: =SUMIF($B$6:$B$551,"=707220",$D$6:$D$551) -> 0 | G599: =F599/F637 -> 0
B600: 707250 | C600: Ventes à des tiers d'insignes, fanions, écussons….. | F600: =SUMIF($B$6:$B$551,"=707250",$D$6:$D$551) -> 0 | G600: =F600/F637 -> 0
B601: 707260 | C601: Ventes à des tiers de livres, brochures….. | F601: =SUMIF($B$6:$B$551,"=707260",$D$6:$D$551) -> 0 | G601: =F601/F637 -> 0
G602: X
B603: 708100 | C603: Billets d'entrée aux manifestations | F603: =SUMIF($B$6:$B$551,"=708100",$D$6:$D$551) -> 0 | G603: =F603/F637 -> 0
B604: 708200 | C604: Droits d'engagements perçus | F604: =SUMIF($B$6:$B$551,"=708200",$D$6:$D$551) -> 0 | G604: =F604/F637 -> 0
G605: X
B606: 708810 | C606: Remboursements fédération | F606: =SUMIF($B$6:$B$551,"=708810",$D$6:$D$551) -> 0 | G606: =F606/F637 -> 0
B607: 708820 | C607: Remboursements instance régionale | F607: =SUMIF($B$6:$B$551,"=708820",$D$6:$D$551) -> 0 | G607: =F607/F637 -> 0
B608: 708830 | C608: Remboursements instance départementale | F608: =SUMIF($B$6:$B$551,"=708830",$D$6:$D$551) -> 0 | G608: =F608/F637 -> 0
B609: 708840 | C609: Remboursements autres clubs | F609: =SUMIF($B$6:$B$551,"=708840",$D$6:$D$551) -> 0 | G609: =F609/F637 -> 0
B610: 708850 | C610: Remboursements divers | F610: =SUMIF($B$6:$B$551,"=708850",$D$6:$D$551) -> 0 | G610: =F610/F637 -> 0
G611: =F611/F637 -> 0
B612: 708860 | C612: Remboursement charges sociales par les sections | F612: =SUMIF($B$6:$B$551,"=708860",$D$6:$D$551) -> 0 | G612: =F612/F637 -> 0
B613: 708870 | C613: Remboursement prélèvement à la source par les sections | F613: =SUMIF($B$6:$B$551,"=708870",$D$6:$D$551) -> 0 | G613: =F613/F637 -> 0
B614: 708880 | C614: Remboursement frais de paie par les sections | F614: =SUMIF($B$6:$B$551,"=708880",$D$6:$D$551) -> 0 | G614: =F614/F637 -> 0
G615: =F615/F637 -> 0
B616: 767000 | C616: Produits nets sur cessions de valeurs mobilières | F616: =SUMIF($B$6:$B$551,"=767000",$D$6:$D$551) -> 0 | G616: =F616/F637 -> 0
B617: 768000 | C617: Autres produits financiers | F617: =SUMIF($B$6:$B$551,"=768000",$D$6:$D$551) -> 552.05 | G617: =F617/F637 -> 0.011970206
B618: 768010 | C618: Autres produits financiers *ANCV | F618: =SUMIF($B$6:$B$551,"=768010",$D$6:$D$551) -> 940.87 | G618: =F618/F637 -> 0.020401065
B619: 768020 | C619: Autres produits financiers *COUPONS SPORT | F619: =SUMIF($B$6:$B$551,"=768020",$D$6:$D$551) -> 117 | G619: =F619/F637 -> 0.0025369335
B620: 778800 | C620: Produits exceptionnels divers | F620: =SUMIF($B$6:$B$551,"=778800",$D$6:$D$551) -> 0 | G620: =F620/F637 -> 0
G621: X
D622: total à reporter | F622: =SUM(F567:F621) -> 46118.67 | G622: X
G623: X
G624: X
D625: report page précédente | F625: =F622 -> 46118.67 | G625: X
G626: X
B627: 164000 | C627: Emprunt débloqué | F627: =SUMIF($B$6:$B$551,"=164000",$D$6:$D$551) -> 0 | G627: =F627/F637 -> 0
G628: X
B629: 157100 | C629: Provisions pour achat de matériel | F629: =SUMIF($B$6:$B$551,"=157100",$D$6:$D$551) -> 0 | G629: =F629/F637 -> 0
B630: 157300 | C630: Provisions pour organisation de manifestation | F630: =SUMIF($B$6:$B$551,"=157300",$D$6:$D$551) -> 0 | G630: =F630/F637 -> 0
B631: 157400 | C631: Provisions pour charges de personnel | F631: =SUMIF($B$6:$B$551,"=157400",$D$6:$D$551) -> 0 | G631: =F631/F637 -> 0
B632: 157500 | C632: Provisions pour trésorerie saison N | F632: =SUMIF($B$6:$B$551,"=157500",$D$6:$D$551) -> 0 | G632: =F632/F637 -> 0
B633: 157600 | C633: Provisions pour subventions section saison N non versées | F633: =SUMIF($B$6:$B$551,"=157600",$D$6:$D$551) -> 0 | G633: =F633/F637 -> 0
G634: X
B635: 641200 | C635: Remboursement chômage partiel | F635: =SUMIF($B$6:$B$551,"=641200",$D$6:$D$551) -> 0 | G635: =F635/F637 -> 0
D637: Total des recettes | F637: =SUM(F625:F635) -> 46118.67 | G637: =SUM(G567:G635) -> 1
G638: X
G639: X
G640: X
...

Sheet Recettes
P3: =Compta!D552 -> 46618.67

Sheet Dépenses
P9: =Compta!D553 -> 45566.23
A49: Licences
A50: Engagements sports individuels national et +
A51: Engagements sports individuels régional et -
A52: Personnel encadrement technique
A53: Cotisations URSSAF
A54: Achats d'équipements sportifs
A55: Achats d'équipements pour entraineurs
A56: Achats d'équipements pour sportifs
A57: Fournitures d'entretien et petit matériel
A58: Fournitures administratives
A59: Achats aliments
A60: Achats boissons
... A67: Affranchissements
B68: =SUM(B49:B67) -> 0
